 Dungeon Crawl Stone Soup version 0.20.0-9-g8272e65 (webtiles) character file.

333610 Chiseanne the Hoplite (level 20, -16/193 HPs)
             Began as a Minotaur Fighter on June 3, 2017.
             Was the Champion of Makhleb.
             Shot with an arrow by a deep elf archer (27 damage)
             ... led by an ironheart preserver
             ... on level 3 of the Vaults.
             The game lasted 01:49:38 (39947 turns).

Chiseanne the Hoplite (Minotaur Fighter)           Turns: 39947, Time: 01:49:38

Health: -16/193    AC: 14    Str: 25    XL:     20   Next: 92%
Magic:  30/30      EV: 29    Int:  9    God:    Makhleb [******]
Gold:   1961       SH:  0    Dex: 23    Spells: 19/19 levels left

rFire    + + .     SeeInvis +   a - +4 scimitar (flame)
rCold    + . .     Gourm    .   F - +0 shield {reflect}
rNeg     + + +     Faith    .   c - +6 scale mail of the Pirate {rPois Regen+ Str+2}
rPois    +         Spirit   .   G - +2 hat "Qiuckeg" {Str+5}
rElec    +         Reflect  +   Q - scarf {rC+ rF+}
rCorr    .         Harm     .   M - +1 pair of gloves {archery}
MR       +....                  b - +0 pair of boots
Stlth    +.........             N - amulet of rage
Regen    0.9/turn               j - ring "Comp" {rF+ rN+++ Str-4 Int+2 SInv}
MPRegen  0.3/turn               V - ring of Joy {*Corrode rElec rN+ EV+4 Slay+5}

@: confused, agile, corroded
A: retaliatory headbutt, horns 2, clever 1, MP-powered wands
}: 2/15 runes: decaying, gossamer
a: Minor Destruction, Lesser Servant of Makhleb, Major Destruction, Greater
Servant of Makhleb, Renounce Religion, Evoke Berserk Rage


You were on level 3 of the Vaults.
You worshipped Makhleb.
Makhleb was exalted by your worship.
You were not hungry.

You visited 7 branches of the dungeon, and saw 36 of its levels.
You visited the Abyss 2 times.
You also visited: Ice Cave and Volcano.

You collected 3961 gold pieces.
You spent 2000 gold pieces at shops.

Inventory:

Hand Weapons
 a - a +4 scimitar of flaming (weapon)
 m - a +1 sacred scourge of holy wrath
 p - a +0 broad axe
 s - a +3 eveningstar of holy wrath
 w - a +0 blowgun
 Z - a +1 war axe of electrocution
Missiles
 k - 4 javelins (quivered)
 o - 7 steel tomahawks
 x - 5 curare-tipped needles
 y - 2 throwing nets {!*}
 C - 934 bolts
Armour
 b - a +0 pair of boots (worn)
 c - the +6 scale mail of the Pirate (worn) {rPois Regen+ Str+2}
   (You found it on level 2 of the Lair of Beasts)

   It affects your strength (+2).
   It protects you from poison.
   It increases your rate of regeneration.
 F - a +0 shield of reflection (worn)
 G - the +2 hat "Qiuckeg" (worn) {Str+5}
   (You found it on level 2 of the Spider Nest)

   It affects your strength (+5).
 H - a +0 large shield
 M - a +1 pair of gloves of archery (worn)
 Q - a scarf of resistance (worn)
Jewellery
 d - an uncursed ring of resist corrosion
 j - the ring "Comp" (left hand) {rF+ rN+++ Str-4 Int+2 SInv}
   (You acquired it in an ice cave)

   [ring of see invisible]

   It affects your strength (-4).
   It affects your intelligence (+2).
   It protects you from fire.
   It renders you almost immune to negative energy.
   It lets you see invisible.
 N - an amulet of rage (around neck)
 V - the ring of Joy (right hand) {*Corrode rElec rN+ EV+4 Slay+5}
   (You found it in an ice cave)

   [ring of evasion]

   It affects your evasion (+4).
   It affects your accuracy and damage with ranged weapons and melee attacks
   (+5).
   It insulates you from electricity.
   It protects you from negative energy.
   It may corrode you when you take damage.
Wands
 I - a wand of lightning (6/15)
 R - a wand of digging (5/24)
 T - a wand of lightning (7/15)
 X - a wand of paralysis (8/24)
 Y - a wand of iceblast (8/15)
Scrolls
 i - 5 scrolls of fog
 l - 9 scrolls of recharging
 q - 21 scrolls of remove curse
 r - 7 scrolls of teleportation
 v - 3 scrolls of amnesia
 D - 3 scrolls of magic mapping
 K - 16 scrolls of identify
 O - a scroll of blinking
 U - 3 scrolls of holy word
Potions
 e - 15 potions of curing
 g - a potion of brilliance
 n - a potion of agility
 z - a potion of resistance
 E - 3 potions of cancellation
 J - 4 potions of flight
 W - 2 potions of berserk rage
Miscellaneous
 u - a fan of gales
 L - a phantom mirror
Comestibles
 f - 22 bread rations
 h - 6 royal jellies
 t - 23 meat rations


   Skills:
 - Level 20.0 Fighting
 - Level 10.5 Long Blades
 - Level 10.3 Axes
 - Level 16.3 Armour
 - Level 11.7 Dodging
 * Level 24.6 Shields
 - Level 15.2 Invocations


You had 19 spell levels left.
You didn't know any spells.

Dungeon Overview and Level Annotations

Branches:
Dungeon (15/15)            Temple (1/1) D:7            Lair (6/6) D:11
  Swamp (4/4) Lair:3       Spider (4/4) Lair:2        Slime (0/5) Lair:5
    Orc (2/2) D:9             Elf (0/3) Orc:2        Vaults (4/5) D:14
 Depths (0/5) D:15
  Crypt: Vaults:2-3

Altars:
Ashenzari
Cheibriados
Dithmenos
Elyvilon
Fedhas
Gozag
Hepliaklqana
Kikubaaqudgha
Makhleb
Nemelex Xobeh
Okawaru
Qazlal
Ru
Sif Muna
Trog
Uskayaw
Vehumet
Xom
Yredelemnul
Zin
The Shining One
Beogh
Jiyva

Shops:
D:6 *   D:11 [   Orc:1 !*?((   Orc:2 (}(*[   Vaults:1 :

Annotations:
D:3 flsc's ghost, amateur MiBe


Innate Abilities, Weirdness & Mutations

You reflexively headbutt those who attack you in melee.
You have a pair of horns on your head.
Your mind is acute. (Int +2)
You expend magic power (3 MP) to strengthen your wands.


Message History

You feel agile all of a sudden.
The deep elf archer casts a spell at you.
You are confused.
The deep elf archer shoots an arrow.
The arrow barely misses you.
The deep elf archer shoots an arrow.
The arrow completely misses you.
The deep elf archer casts a spell at you.
You are more confused.
The deep elf archer shoots an arrow.
The arrow closely misses you.
The deep elf archer unwields an uncursed shortbow.
The deep elf archer wields an uncursed dagger.
The deep elf archer closely misses you.
You closely miss the deep elf archer.
Your headbutt misses the deep elf archer.
The deep elf archer blinks!
The deep elf archer unwields an uncursed dagger.
The deep elf archer wields an uncursed shortbow.
The deep elf archer shoots an arrow.
The arrow hits you!!
* * * LOW HITPOINT WARNING * * *
The deep elf archer shoots an arrow.
The arrow hits you!!
You die...

########## #........#
##........### #### #'##
.'......e.#... #..#<...#
.'....(...'... #..#....#
.#........#....#..#e...#
.'........# ...#..#...
.#........#####'..+#####
.'...<.@..#......p§Jcp.#
.#........#.....§.EpDx('
#........#####+..e#####
#........# #..#))()+
#....%((.# #..#.).[+
########## #..#....#
#..#....# ######### #


You could see a deep elf archer.

Vanquished Creatures
  Arachne (Spider:3)
  A Hell Sentinel (Abyss:2)
  2 liches (Vaults:3)
  Gastronok (Lair:3)
  2 tentacled starspawn
  A sphinx (Vaults:2)
  Kirke (Lair:6)
  A thorn hunter (Swamp:3)
  A tengu reaver (Vaults:1)
  A storm dragon (Vaults:1)
  2 fire giants
  A deep elf sorcerer (Vaults:1)
  9 vault wardens
  2 frost giants
  10 ghost moths
  An orc warlord (Orc:1)
  Aizul (Vaults:1)
  4 emperor scorpions
  Louise (D:15)
  An angel (Abyss:3)
  A war gargoyle (D:12)
  10 ironheart preservers
  2 stone giants (Vaults:2)
  2 very ugly things (Vaults:2)
  2 entropy weavers
  3 spark wasps
  Snorg (D:11)
  3 deep elf death magi
  3 ettins
  A blizzard demon (IceCv)
  2 fire dragons
  12 ogre magi
  2 great orbs of eyes
  Josephine (D:13)
  Erolcha (Orc:1)
  8 yaktaur captains
  26 hydras
  2 vault guards (Vaults:1)
  A rakshasa (Vaults:1)
  3 ghost crabs
  3 ice dragons
  2 death knights
  Erica (D:10)
  9 centaur warriors
  A two-headed ogre (shapeshifter) (Vaults:2)
  10 alligators
  47 two-headed ogres
  2 deep troll earth magi
  6 death yaks (Lair:6)
  A tengu warrior (D:15)
  A deep troll shaman (Vaults:1)
  4 orc high priests
  A shock serpent (shapeshifter) (D:14)
  5 deep elf knights
  Sonja (D:10)
  A spatial maelstrom (Abyss:3)
  4 skeletal warriors
  A sixfirhy (Abyss:2)
  2 flayed ghosts
  6 deep trolls
  2 glowing orange brains
  2 spriggan druids (Swamp:3)
  5 swamp dragons
  A wizard (D:13)
  4 unseen horrors
  A shambling mangrove (Swamp:2)
  A large abomination (Abyss:2)
  5 harpies (Vaults:1)
  13 orc knights
  3 deep elf archers
  A lindwurm (Lair:6)
  16 ironbrand convokers
  27 ugly things
  2 necromancers
  2 orc sorcerers
  30 wolf spiders
  A phantasmal warrior (D:15)
  15 orb spiders
  12 deep elf magi
  A moth of wrath (Spider:4)
  8 cyclopes
  15 vault sentinels
  14 elephants
  3 black mambas
  4 salamanders (Volcano)
  Maurice (D:13)
  A torpor snail (Spider:3)
  A guardian serpent (shapeshifter) (Vaults:2)
  2 centaur zombies
  3 smoke demons
  9 gargoyles
  19 spiny frogs
  3 kobold demonologists
  13 freezing wraiths
  5 rime drakes
  11 demonic crawlers
  6 anaconda simulacra (IceCv)
  29 yaktaurs
  2 golden dragon simulacra (IceCv)
  13 komodo dragons
  3 ancient zymes (Abyss:3)
  7 ice devils
  A meliai (shapeshifter) (Vaults:1)
  A tengu conjurer (D:15)
  3 polar bears (Lair:6)
  2 tengu simulacra
  27 jumping spiders
  12 hornets
  9 trolls
  6 raiju
  8 tyrant leeches
  33 slime creatures
  7 hippogriffs
  7 bog bodies
  17 dream sheep (Lair:6)
  20 blink frogs
  12 spriggans (Lair:6)
  6 wraiths
  A ynoxinul (Abyss:3)
  68 redbacks
  A dire elephant simulacrum (IceCv)
  Sigmund (D:4)
  A shadow (Swamp:1)
  28 tarantellas
  16 humans
  6 wyverns
  48 yaks
  4 small abominations
  2 basilisks
  A chaos spawn (Abyss:3)
  4 iron troll simulacra (IceCv)
  22 vampire mosquitoes
  17 swamp worms
  7 wargs
  5 soldier ants (Spider:1)
  6 insubstantial wisps (Swamp:1)
  A two-headed ogre zombie (Orc:1)
  2 acid dragons
  15 water moccasins
  2 floating eyes (shapeshifter)
  9 porcupines
  57 orc warriors
  3 sky beasts
  4 black bears
  A hornet zombie (D:14)
  6 swamp drakes (Swamp:4)
  An ice beast (D:10)
  An eye of draining (D:13)
  2 ettin simulacra (IceCv)
  A necrophage (D:10)
  4 starcursed masses
  15 boggarts
  49 ogres
  4 phantoms
  20 wolves
  17 centaurs
  18 crocodiles
  5 big kobolds
  15 bullfrogs
  3 scorpions
  7 wights
  3 killer bees (D:10)
  6 howler monkeys
  10 crimson imps
  A bullfrog zombie (D:12)
  A quasit (D:9)
  3 draconian simulacra (IceCv)
  6 hounds
  2 human simulacra
  A centaur skeleton (D:10)
  3 jellies
  42 orc priests
  4 bullfrog skeletons
  A gnoll shaman (D:5)
  7 iguanas
  26 orc wizards
  3 spriggan simulacra (IceCv)
  11 worker ants
  Terence (D:2)
  6 polar bear simulacra (Lair:3)
  2 troll simulacra (IceCv)
  A yak simulacrum (Lair:3)
  3 wolf simulacra
  A killer bee zombie (D:8)
  A hound zombie (D:10)
  3 hound skeletons
  A howler monkey zombie (D:6)
  9 gnolls
  11 adders
  An ogre simulacrum (IceCv)
  7 shadow imps
  5 white imps
  8 ufetubi (IceCv)
  3 oozes
  2 adder skeletons
  2 worms
  3 dart slugs
  7 leopard geckos
  119 orcs
  3 giant cockroaches
  7 goblins
  4 hobgoblins
  13 jackals
  5 quokkas
  7 bats
  7 frilled lizards
  11 kobolds
  2 leopard gecko skeletons
  4 quokka skeletons
  2 rats (D:1)
  2 river rat simulacra (Lair:3)
1618 creatures vanquished.

Vanquished Creatures (collateral kills)
  Rupert (Lair:5)
  A tentacled starspawn (Abyss:3)
  An emperor scorpion (Spider:4)
  An angel (Abyss:3)
  Nessos (D:12)
  3 entropy weavers (Spider:4)
  A spark wasp (Spider:4)
  An ogre mage (D:12)
  A two-headed ogre (D:12)
  3 orc high priests (Orc:2)
  A flayed ghost (Vaults:4)
  A deep elf mage (Vaults:4)
  5 orc knights (Orc:2)
  4 orb spiders
  A wolf spider (Spider:4)
  A moth of wrath (Spider:4)
  A yaktaur (Vaults:4)
  An ancient zyme (Abyss:3)
  5 jumping spiders
  A hornet (Spider:4)
  2 large abominations (Abyss:3)
  12 redbacks
  3 tarantellas
  4 orc warriors (Orc:2)
  3 starcursed masses (Abyss:3)
  4 orc priests (Orc:2)
  An ufetubus (Abyss:3)
  An orc (Orc:2)
  A starspawn tentacle (Abyss:3)
66 creatures vanquished.

Vanquished Creatures (others)
  A yaktaur captain (Vaults:4)
  3 hydras (Swamp:4)
  A swamp dragon (Swamp:4)
  An unseen horror (D:14)
  A wolf spider (Spider:2)
  2 yaktaurs (Vaults:2)
  A jumping spider (Spider:2)
  A redback (Spider:2)
  4 humans (Lair:6)
  An orc warrior (Vaults:1)
  A boggart (Vaults:3)
  2 bushes
  11 fungi
  6 plants
  5 starspawn tentacles
  10 toadstools (Swamp:2)
51 creatures vanquished.

Grand Total: 1735 creatures vanquished

Notes
Turn   | Place    | Note
-------+----------+-------------------------------------------
     0 | D:1      | Chiseanne the Minotaur Fighter began the quest for the Orb.
     0 | D:1      | Reached XP level 1. HP: 19/19 MP: 0/0
    87 | D:1      | Reached XP level 2. HP: 27/27 MP: 1/1
   318 | D:1      | Reached skill level 4 in Shields
   319 | D:1      | Reached skill level 1 in Dodging
   321 | D:1      | Reached XP level 3. HP: 31/33 MP: 2/2
   837 | D:2      | Reached XP level 4. HP: 39/41 MP: 3/3
  1090 | D:2      | Noticed Terence
  1097 | D:2      | Killed Terence
  1288 | D:3      | Found a shattered altar of Ashenzari.
  1383 | D:3      | Reached XP level 5. HP: 29/47 MP: 4/4
  1647 | D:3      | Noticed flsc's ghost (amateur MiBe)
  1830 | D:4      | Noticed Sigmund
  1835 | D:4      | Killed Sigmund
  1835 | D:4      | Reached skill level 5 in Fighting
  1835 | D:4      | Reached skill level 5 in Armour
  1835 | D:4      | Reached skill level 5 in Shields
  1835 | D:4      | Reached XP level 6. HP: 43/56 MP: 5/5
  2548 | D:4      | Reached XP level 7. HP: 61/61 MP: 6/6
  3428 | D:5      | Entered Level 5 of the Dungeon
  3668 | D:5      | Reached skill level 6 in Shields
  3849 | D:5      | Reached skill level 5 in Axes
  3852 | D:5      | Reached XP level 8. HP: 59/71 MP: 7/7
  4332 | D:5      | Reached skill level 5 in Dodging
  4629 | D:5      | Reached skill level 7 in Shields
  5677 | D:6      | Reached XP level 9. HP: 79/79 MP: 8/8
  5690 | D:6      | Found Qosy's Assorted Antiques.
  5700 | D:6      | Bought a scroll labeled GULLAF HISHUGOJOLL for 30 gold pieces
  5700 | D:6      | Bought a scroll labeled CYLECE VUTIYZO AZE for 30 gold pieces
  5700 | D:6      | Bought a small emerald ring for 150 gold pieces
  5807 | D:6      | Found a shadowy altar of Dithmenos.
  6265 | D:7      | Found a staircase to the Ecumenical Temple.
  6278 | D:7      | Reached skill level 8 in Shields
  6382 | Temple   | Entered the Ecumenical Temple
  6629 | Temple   | Became a worshipper of Makhleb the Destroyer
  7424 | D:8      | Got a pair of dazzling gloves
  7435 | D:8      | Identified the cursed +0 pair of gloves of Anuqosung {rPois Str-5 Stlth+} (You found it on level 8 of the Dungeon)
  7883 | D:9      | Reached * piety under Makhleb
  8026 | D:9      | Noticed a two-headed ogre
  8041 | D:9      | Killed a two-headed ogre
  8041 | D:9      | Reached skill level 9 in Shields
  8041 | D:9      | Reached XP level 10. HP: 30/90 MP: 9/9
  8576 | D:9      | Noticed a two-headed ogre
  8593 | D:9      | Killed a two-headed ogre
  8914 | D:9      | Found a staircase to the Orcish Mines.
  8946 | D:9      | Noticed a two-headed ogre
  8953 | D:9      | Killed a two-headed ogre
  9183 | Orc:1    | Entered Level 1 of the Orcish Mines
  9189 | Orc:1    | Found Muduwk's Antique Weapon Shoppe.
  9205 | Orc:1    | Found Soarghia's Antique Weapon Shop.
  9372 | Orc:1    | Noticed Erolcha
  9393 | Orc:1    | Killed Erolcha
  9657 | Orc:2    | Entered Level 2 of the Orcish Mines
  9803 | Orc:2    | Noticed an orc high priest
  9852 | D:10     | Entered Level 10 of the Dungeon
  9943 | D:10     | Got a scorched ring mail
  9991 | D:9      | Identified the +2 ring mail of the Tired Realms {+Blink rElec rPois} (You found it on level 10 of the Dungeon)
 10032 | D:9      | Reached skill level 10 in Shields
 10303 | D:10     | Noticed a two-headed ogre
 10311 | D:10     | Noticed Sonja
 10312 | D:10     | Killed a two-headed ogre
 10312 | D:10     | Reached skill level 10 in Fighting
 10312 | D:10     | Reached XP level 11. HP: 87/99 MP: 10/10
 10335 | D:10     | Killed Sonja
 10335 | D:10     | Reached skill level 10 in Armour
 10362 | D:10     | Reached ** piety under Makhleb
 10694 | D:10     | Noticed a two-headed ogre
 10705 | D:10     | Killed a two-headed ogre
 11131 | D:11     | Noticed Erica
 11288 | D:10     | Killed Erica
 11297 | D:11     | Found a staircase to the Lair.
 11324 | D:11     | Noticed a two-headed ogre
 11329 | D:11     | Killed a two-headed ogre
 11329 | D:11     | Reached skill level 10 in Axes
 11457 | D:11     | Found Avvu's Armour Shoppe.
 11457 | D:11     | Noticed a purple ugly thing
 11477 | D:11     | Killed a purple ugly thing
 11579 | D:11     | Bought a +0 large shield for 67 gold pieces
 11579 | D:11     | Bought a +1 pair of gloves of archery for 247 gold pieces
 11604 | D:11     | Bought a +0 pair of boots for 67 gold pieces
 11630 | D:11     | Reached skill level 11 in Shields
 11852 | D:11     | Noticed a two-headed ogre
 12080 | D:11     | Noticed a two-headed ogre
 12092 | D:11     | Killed a two-headed ogre
 12119 | D:11     | Killed a two-headed ogre
 12220 | D:11     | Noticed a brown ugly thing
 12224 | D:11     | Killed a brown ugly thing
 12224 | D:11     | Reached XP level 12. HP: 110/110 MP: 11/11
 12277 | D:11     | Reached *** piety under Makhleb
 12277 | D:11     | Reached skill level 1 in Long Blades
 12375 | D:11     | Noticed Snorg
 12395 | D:11     | Killed Snorg
 12651 | D:11     | Reached skill level 10 in Dodging
 13052 | Lair:1   | Entered Level 1 of the Lair of Beasts
 13086 | Lair:1   | Noticed a five-headed hydra
 13095 | Lair:1   | Killed a one-headed hydra
 13886 | Lair:1   | Noticed a five-headed hydra
 13899 | Lair:1   | Killed a one-headed hydra
 13899 | Lair:1   | Reached skill level 12 in Shields
 14151 | Lair:2   | Noticed a five-headed hydra
 14161 | Lair:2   | Killed a one-headed hydra
 14372 | Lair:2   | Got a faintly glowing scale mail
 14373 | Lair:2   | Identified the +6 scale mail of the Pirate {rPois Regen+ Str+2} (You found it on level 2 of the Lair of Beasts)
 14492 | Lair:2   | Reached **** piety under Makhleb
 14518 | Lair:2   | Found a hole to the Spider Nest.
 14605 | Lair:2   | Noticed an eight-headed hydra
 14614 | Lair:2   | Killed a two-headed hydra
 14614 | Lair:2   | Reached skill level 5 in Long Blades
 15179 | Lair:2   | Reached XP level 13. HP: 117/119 MP: 12/12
 15494 | Lair:3   | Found a staircase to the Swamp.
 15576 | Lair:3   | Found a dark tunnel.
 15584 | Volcano  | Entered a volcano
 15703 | Lair:3   | Reached ***** piety under Makhleb
 15984 | Lair:3   | Noticed Gastronok
 15998 | Lair:3   | Killed Gastronok
 15998 | Lair:3   | Reached skill level 13 in Shields
 16748 | Lair:4   | Reached skill level 1 in Invocations
 17600 | Lair:5   | Noticed Rupert
 17623 | Lair:5   | Killed Rupert
 17957 | Lair:5   | Found a viscous altar of Jiyva.
 17958 | Lair:5   | Found a staircase to the Slime Pits.
 18019 | Lair:5   | Reached XP level 14. HP: 72/127 MP: 15/15
 18433 | Lair:6   | Entered Level 6 of the Lair of Beasts
 18538 | Lair:6   | Reached skill level 14 in Shields
 18870 | Lair:6   | Noticed Kirke
 18900 | Lair:6   | Reached skill level 5 in Invocations
 18914 | Lair:6   | Killed Kirke
 19056 | Lair:6   | Reached ****** piety under Makhleb
 19148 | Lair:6   | Reached skill level 10 in Long Blades
 19756 | Swamp:1  | Entered Level 1 of the Swamp
 19971 | Swamp:1  | Reached XP level 15. HP: 130/134 MP: 18/18
 20176 | Swamp:1  | Reached skill level 15 in Shields
 20602 | Swamp:2  | Reached skill level 15 in Armour
 21116 | Swamp:3  | Found a frozen archway.
 21171 | IceCv    | Entered an ice cave
 21511 | IceCv    | Identified a scroll of acquirement
 21517 | IceCv    | Got a slimy platinum ring
 21519 | IceCv    | Identified the ring "Comp" {rF+ rN+++ Str-4 Int+2 SInv} (You acquired it in an ice cave)
 21628 | IceCv    | HP: 3/134 [blizzard demon/the air (8)]
 21974 | IceCv    | Got an ancient copper ring
 21985 | IceCv    | Identified the ring of Joy {*Corrode rElec rN+ EV+4 Slay+5} (You found it in an ice cave)
 22305 | Swamp:3  | Noticed a thorn hunter
 22323 | Swamp:3  | Killed a thorn hunter
 22691 | Swamp:3  | Identified the Almanac of the Lucky Compass
 22811 | Swamp:4  | Entered Level 4 of the Swamp
 22861 | Swamp:4  | Reached skill level 16 in Shields
 23373 | Swamp:4  | Got a decaying rune of Zot
 23405 | Swamp:4  | Reached XP level 16. HP: 141/141 MP: 17/22
 23652 | Spider:1 | Entered Level 1 of the Spider Nest
 23819 | Spider:2 | Reached skill level 10 in Invocations
 24193 | Spider:1 | Reached skill level 17 in Shields
 24910 | Spider:2 | Got a distressingly furry hat
 24911 | Spider:2 | Identified the +2 hat "Qiuckeg" {Str+5} (You found it on level 2 of the Spider Nest)
 25650 | Spider:3 | Noticed Arachne
 25666 | Spider:3 | Killed Arachne
 26830 | Spider:3 | Reached XP level 17. HP: 126/154 MP: 17/24
 26887 | Spider:3 | Reached skill level 18 in Shields
 27003 | Spider:4 | Entered Level 4 of the Spider Nest
 27037 | Spider:4 | Reached skill level 15 in Fighting
 28264 | Spider:4 | Got a gossamer rune of Zot
 28354 | Spider:4 | Got a warped arbalest
 28458 | Lair:2   | Identified the +1 arbalest of Power {venom, rElec MR+} (You took it off an entropy weaver on level 4 of the Spider Nest)
 28902 | Orc:1    | Cast into level 3 of the Abyss (orc warlord)
 28971 | Orc:1    | Escaped the Abyss
 29104 | Orc:1    | Found Tatinleng's Distillery.
 29122 | Orc:1    | Found Hiec's Magic Scroll Boutique.
 29138 | Orc:1    | Found Reprolat's Assorted Antiques.
 29347 | Orc:2    | Found a staircase to the Elven Halls.
 29355 | Orc:2    | Found Ziopt's Antique Armour Boutique.
 29491 | Orc:2    | Reached skill level 19 in Shields
 29800 | Orc:2    | Gained mutation: Your mind is acute. (Int +2) [a cacodemon]
 29822 | Orc:2    | Gained mutation: You expend magic power (3 MP) to strengthen your wands. [a cacodemon]
 29994 | Orc:2    | Found a roughly hewn altar of Beogh.
 30368 | Orc:2    | Found Taliv's Gadget Emporium.
 30371 | Orc:2    | Found Ynwa's Antique Weapon Shoppe.
 30372 | Orc:2    | Found Uvoc's Weapon Emporium.
 30373 | Orc:2    | Found Muhyjou's Assorted Antiques.
 30384 | Orc:2    | Bought a +0 eveningstar of holy wrath for 406 gold pieces
 30387 | Orc:2    | Bought a scroll of enchant weapon for 255 gold pieces
 30387 | Orc:2    | Bought a potion of curing for 102 gold pieces
 30387 | Orc:2    | Bought a scroll of enchant weapon for 255 gold pieces
 30387 | Orc:2    | Bought a scroll of blinking for 255 gold pieces
 30387 | Orc:2    | Bought a bone wand for 136 gold pieces
 30953 | D:12     | Noticed Nessos
 30969 | D:12     | Killed Nessos
 31195 | D:12     | Found an ancient bone altar of Kikubaaqudgha.
 31416 | D:12     | Reached XP level 18. HP: 168/168 MP: 25/27
 31628 | D:13     | Noticed Josephine
 31635 | D:13     | Killed Josephine
 31894 | D:13     | Noticed Maurice
 31903 | D:13     | Killed Maurice
 32490 | D:14     | Found a gate to the Vaults.
 33298 | D:15     | Entered Level 15 of the Dungeon
 33567 | D:15     | Noticed Louise
 33599 | D:15     | Killed Louise
 33695 | D:15     | Reached skill level 20 in Shields
 34009 | D:15     | Found a staircase to the Depths.
 34238 | Vaults:1 | Entered Level 1 of the Vaults
 34810 | Vaults:1 | Reached XP level 19. HP: 152/179 MP: 29/29
 34985 | Vaults:1 | Reached skill level 15 in Invocations
 35104 | Vaults:1 | Found Sougum's Book Emporium.
 35162 | Vaults:1 | Noticed Aizul
 35180 | Vaults:1 | Killed Aizul
 35490 | Vaults:1 | Reached skill level 21 in Shields
 35986 | Vaults:1 | Cast into level 2 of the Abyss (a deep elf sorcerer)
 36073 | Abyss:2  | HP: 6/181 [Hell Sentinel/damnation (37)]
 36452 | Vaults:1 | Escaped the Abyss
 37253 | Vaults:2 | Reached XP level 20. HP: 175/193 MP: 30/30
 37256 | Vaults:2 | Reached skill level 22 in Shields
 38018 | Vaults:2 | Reached skill level 23 in Shields
 39267 | Vaults:3 | Reached skill level 24 in Shields
 39364 | Vaults:3 | Paralysed by a great orb of eyes for 2 turns
 39947 | Vaults:3 | Shot with an arrow by a deep elf archer

Skill      XL: |  1  2  3  4  5  6  7  8  9 10 11 12 13 14 15 16 17 18 19 20 |
---------------+-------------------------------------------------------------+-----
Shields        | 4 5 6 7 9 10 11 12 13 14 16 17 19 20 21 24 | 24.6
Fighting       | 4 5 6 7 8 10 11 12 14 16 18 19 20 | 20.0
Dodging        | 1 2 3 4 5 7 8 9 10 11 | 11.7
Armour         | 4 5 6 7 8 9 11 12 13 14 16 | 16.3
Axes           | 3 4 5 6 7 9 10 | 10.3
Long Blades    | 5 8 10 | 10.5
Invocations    | 3 6 9 11 13 14 15 | 15.2

Action                   |  1- 3 |  4- 6 |  7- 9 | 10-12 | 13-15 | 16-18 | 19-21 || total
-------------------------+-------+-------+-------+-------+-------+-------+-------++-------
Melee: War axe           |    99 |    97 |   397 |   197 |       |       |       ||   790
       Headbutt          |    16 |    15 |    87 |   151 |   478 |   595 |   457 ||  1799
       Scimitar          |       |       |       |   383 |  1576 |  1789 |  1228 ||  4976
       Eveningstar       |       |       |       |       |       |       |    17 ||    17
 Fire: Blowgun           |       |       |       |     4 |       |       |       ||     4
Invok: Lesser Servant of |       |       |       |       |     2 |       |       ||     2
       Greater Servant o |       |       |       |       |       |    16 |     4 ||    20
Evoke: Wand              |       |       |       |     9 |     2 |    20 |     4 ||    35
       Box of beasts     |       |       |       |       |       |       |     1 ||     1
  Use: Potion            |       |     2 |     2 |     5 |     2 |     6 |     7 ||    24
       Scroll            |       |     1 |    22 |     3 |    16 |    22 |    10 ||    74
 Stab: Petrifying        |       |       |       |       |     1 |       |       ||     1
       Petrified         |       |       |       |       |     1 |       |       ||     1
       Distracted        |       |       |       |       |     2 |     6 |       ||     8
       Confused          |       |       |       |       |     2 |       |       ||     2
  Eat: Chunk             |       |     5 |    18 |    24 |    23 |     8 |    16 ||    94
       Fruit             |       |       |       |       |    11 |    18 |       ||    29
       Royal jelly       |       |       |       |       |       |     7 |     2 ||     9
Armor: Scale mail        |    45 |    44 |   112 |    95 |   518 |   499 |   260 ||  1573
       Ring mail         |       |       |       |    94 |       |       |       ||    94
Dodge: Dodged            |    42 |    40 |   146 |   307 |   712 |  1212 |   711 ||  3170
Block: Shield            |    57 |    79 |   237 |   174 |       |       |   611 ||  1158
       Large shield      |       |       |       |   420 |  1776 |  2465 |   744 ||  5405
       Reflection        |       |       |       |       |       |       |    39 ||    39
       Rpst.: Scimitar   |       |       |       |    42 |   148 |   188 |   120 ||   498
